 Dungeon Crawl Stone Soup version 0.31-a0-574-g69dc8cc98e (webtiles) character file.

Game seed: 3640347181095217999

1554 thirtiethelement the Reanimator (level 8, -7/54 HPs)
             Began as a Demonspawn Necromancer on Aug 18, 2023.
             Killed from afar by an electric eel (10 damage)
             ... with a bolt of electricity
             ... on level 6 of the Dungeon.
             The game lasted 00:50:08 (4792 turns).

thirtiethelement the Reanimator (DsNe)              Turns: 4792, Time: 00:50:08

Health: -7/54      AC: 11    Str: 14    XL:     8   Next: 57%
Magic:  14/16      EV: 11    Int: 18    God:
Gold:   322        SH:  0    Dex: 12    Spells: 8/18 levels left

rFire   . . .        d - +4 dagger (drain)
rCold   . . .        (no shield)
rNeg    . . .        E - +4 ring mail of the Kettle-Drum {Str+5 Dex-2 Slay+5}
rPois   +            (no helmet)
rElec   .            (no cloak)
rCorr   .            (no gloves)
SInv    .            (no boots)
Will    .....        (no amulet)
Stlth   ++           q - ring of poison resistance
HPRegen 0.29/turn    (no ring)
MPRegen 0.15/turn

%: no passive effects
@: very slightly contaminated
A: thin metallic scales 1, demonic guardian 1, ignite blood 1
a: no special abilities


You were on level 6 of the Dungeon.
You visited 1 branch of the dungeon, and saw 6 of its levels.
You also visited: Sewer.

You collected 322 gold pieces.

Inventory:

Hand Weapons
 d - a +4 dagger of draining (weapon)
 l - a +0 short sword of freezing
 u - a +0 dagger of pain
 G - a +5 flail of venom
Missiles
 w - 10 boomerangs
Armour
 E - the +4 ring mail of the Kettle-Drum (worn) {Str+5 Dex-2 Slay+5}
   (You found it on level 5 of the Dungeon)

   Str+5:     It affects your strength (+5).
   Dex-2:     It affects your dexterity (-2).
   Slay+5:    It affects your accuracy & damage with ranged weapons and melee
   (+5).
Magical Staves
 A - a staff of fire
Jewellery
 q - a ring of poison resistance (left hand)
Talismans
 i - a flux talisman
Wands
 a - a wand of charming (7)
 t - a wand of polymorph (9)
 D - a wand of quicksilver (9)
 F - a wand of mindburst (15)
Scrolls
 h - a scroll of butterflies
 k - 3 scrolls of teleportation
 n - 2 scrolls of vulnerability
 o - 3 scrolls of noise
 p - a scroll of torment
 r - a scroll of brand weapon
 s - 2 scrolls of revelation
 x - 2 scrolls of enchant weapon
 y - a scroll of fog {unknown}
 B - a scroll of silence {unknown}
 C - 2 scrolls of immolation
Potions
 b - a potion of magic
 c - a potion of invisibility {unknown}
 e - 5 potions of heal wounds
 f - a potion of lignification {unknown}
 g - 4 potions of enlightenment
 j - a potion of degeneration {unknown}
 m - 2 potions of ambrosia
 v - a potion of curing {unknown}
 z - 3 potions of mutation


   Skills:
 + Level 1.5 Fighting
 + Level 2.7 Short Blades
 + Level 2.2 Armour
 + Level 2.2 Dodging
 + Level 3.2 Stealth
 + Level 0.4 Unarmed Combat
 + Level 5.8 Spellcasting
 + Level 1.0 Conjurations
 + Level 8.5 Necromancy


You had 8 spell levels left.
You knew the following spells:

 Your Spells              Type           Power      Damage    Failure   Level
a - Necrotise             Necr           100%       1d9       1%          1
b - Vampiric Draining     Necr           36%        2d8       2%          3
c - Gell's Gravitas       Tloc           5%         N/A       58%         3
d - Searing Ray           Conj           18%        2d5       24%         2
e - Magic Dart            Conj           36%        1d4       16%         1

Your spell library contained the following spells:

 Spells                   Type           Power      Damage    Failure   Level
 Animate Dead             Necr           36%        N/A       7%          4
 Agony                    Necr           36%        N/A       21%         5
 Dazzling Flash           Conj/Hex       14%        N/A       52%         3
 Teleport Other           Tloc           5%         N/A       58%         3
 Volatile Blastmotes      Fire/Tloc      10%        2d10      58%         3
 Fulminant Prism          Conj/Hex       3%         3d5       89%         4
 Dispersal                Tloc           2%         N/A       100%        6
 Starburst                Conj/Fire      3%         6d3       100%        6
 Maxwell's Capacitive Co  Air            2%         ∞         100%        8


Dungeon Overview and Level Annotations

Branches:
Dungeon (6/15)              Sewer (visited)
 Temple: D:4-7

Altars:
Cheibriados
Dithmenos
Okawaru
Qazlal
Wu Jian
Xom


Innate Abilities, Weirdness & Mutations

You are partially covered in thin metallic scales. (AC +2)
A weak demonic guardian rushes to your aid.
Your demonic aura sometimes causes spilled blood to erupt in flames.


Message History

The vampire mosquito bites you but does no damage. x2
You hit the vampire mosquito.
You destroy the vampire mosquito!
Your Conjurations skill increases to level 1!
You start resting.
Your magical contamination has completely faded away.
You start resting.
Magic restored.
You open the door.
There is an open door here.
Casting: Searing Ray (dangerous; 24% risk of failure)
Confirm with . or Enter, or press ? or * to list all spells.
You can't see any susceptible monsters within range! (Use Z to cast anyway.)
The electric eel shoots out a bolt of lightning at you!
The bolt of electricity hits you! x2
Casting: Searing Ray (dangerous; 24% risk of failure)
Confirm with . or Enter, or press ? or * to list all spells.
Aiming: Searing Ray (dangerous; 24% risk of failure)
Press: ? - help, Shift-Dir - straight line, f - electric eel
Aim: an electric eel (60% to hit)
You miscast Searing Ray.
You are very lightly contaminated with residual magic.
Nothing appears to happen.
The electric eel shoots out a bolt of lightning at you!
The bolt of electricity hits you!
A demonic guardian appears!
The bolt of electricity hits you!
The bolt of electricity hits your white imp!
The electric eel shoots out a bolt of lightning at you!
The bolt of electricity hits you!
* * * LOW HITPOINT WARNING * * *
The electric eel shoots out a bolt of lightning at you!
The bolt of electricity hits your white imp!
Your white imp dies!
Your white imp disappears in a puff of smoke!
The bolt of electricity hits you.
* * * LOW HITPOINT WARNING * * *
The electric eel shoots out a bolt of lightning at you!
The bolt of electricity hits the plant.
The plant begins to die.
The bolt of electricity hits you!
You die...

.#.#### .##... .#.#..#
.#.... .#.#..##......
.#.#..#.....#
.........# .....#.###
####### ...#.#.#
###...~~## <..#.#.#
#~..####~##
##.#.#.##..~~~##@..##.#
...#.#.#..#####.§...#.#
####.#.# #.....#.#
###..#.# #~P.P~#.#
..####.##.....#$.PP!#†#
..#.....#....P#S..~.#~#
##+.##..#~P~P.#≈≈$≈S#~#
..#.#...#$~.)(##S≈≈##~#
..#.#..##≈≈$≈≈######~##


You could see 3 electric eels.

Vanquished Creatures
  A vampire mosquito (D:6)
  Edmund (D:6)
  A black bear (D:6)
  An ogre (D:5)
  A centaur (D:5)
  A kobold brigand (D:6)
  A bullfrog (D:6)
  2 scorpions
  3 howler monkeys (D:5)
  An orc priest (D:3)
  A jelly (D:5)
  3 sleepcaps
  2 iguanas
  An orc wizard (D:3)
  14 adders
  4 river rats (Sewer)
  An ufetubus (D:5)
  A dart slug (D:1)
  7 orcs
  2 endoplasms
  5 giant cockroaches
  3 goblins
  7 hobgoblins
  6 jackals
  6 quokkas
  13 ball pythons
  11 bats
  4 frilled lizards
  10 kobolds
  5 rats
119 creatures vanquished.

Vanquished Creatures (collateral kills)
  Menkaure (D:4)
  A scorpion (D:5)
  An adder (D:2)
  A worm (Sewer)
  An orc (D:3)
  3 ball pythons
  2 bats (Sewer)
  2 hobgoblins (D:1)
  2 jackals
  3 quokkas
  2 frilled lizards
  A rat (D:2)
20 creatures vanquished.

Grand Total: 139 creatures vanquished

Notes
Turn   | Place    | Note
-------+----------+-------------------------------------------
     0 | D:1      | thirtiethelement the Demonspawn Necromancer began the quest
                  | for the Orb.
     0 | D:1      | Reached XP level 1. HP: 13/13 MP: 3/3
   209 | D:1      | Gained mutation: A weak demonic guardian rushes to your
                  | aid. [demonic ancestry]
   209 | D:1      | Reached XP level 2. HP: 13/19 MP: 0/5
   689 | D:1      | Reached skill level 5 in Necromancy
   689 | D:1      | Reached XP level 3. HP: 24/24 MP: 3/6
  1422 | D:2      | Learned a level 3 spell: Vampiric Draining
  1426 | D:2      | Learned a level 3 spell: Gell's Gravitas
  1614 | D:2      | Gained mutation: Your demonic aura sometimes causes spilled
                  | blood to erupt in flames. [demonic ancestry]
  1614 | D:2      | Reached XP level 4. HP: 30/30 MP: 6/8
  1736 | D:3      | Found a glowing drain.
  1747 | Sewer    | Entered a sewer
  1925 | Sewer    | Reached skill level 1 in Fighting
  1929 | Sewer    | Reached XP level 5. HP: 30/37 MP: 0/10
  2091 | Sewer    | Reached skill level 1 in Armour
  2455 | D:3      | Found a shimmering altar of Xom.
  2517 | D:3      | Reached skill level 6 in Necromancy
  2518 | D:3      | Reached XP level 6. HP: 39/43 MP: 7/11
  2975 | D:3      | Found a faded altar of an unknown god.
  3039 | D:4      | Reached skill level 1 in Short Blades
  3166 | D:4      | Noticed Menkaure
  3210 | D:4      | Found a shadowy altar of Dithmenos.
  3221 | D:4      | Learned a level 2 spell: Searing Ray
  3226 | D:4      | Learned a level 1 spell: Magic Dart
  3307 | D:4      | Found a stormy altar of Qazlal.
  3704 | D:4      | Killed Menkaure
  3799 | D:5      | Entered Level 5 of the Dungeon
  3806 | D:5      | Gained mutation: You are partially covered in thin metallic
                  | scales. (AC +2) [demonic ancestry]
  3806 | D:5      | Reached XP level 7. HP: 31/48 MP: 11/13
  3997 | D:5      | Reached skill level 7 in Necromancy
  4059 | D:5      | Identified the +4 ring mail of the Kettle-Drum {Str+5 Dex-2
                  | Slay+5}
  4115 | D:5      | Found a snail-covered altar of Cheibriados.
  4153 | D:5      | Found an iron altar of Okawaru.
  4159 | D:5      | Reached skill level 5 in Spellcasting
  4303 | D:5      | Reached XP level 8. HP: 38/54 MP: 10/15
  4385 | D:6      | Found an ornate altar of the Wu Jian Council.
  4598 | D:6      | Noticed Edmund
  4605 | D:6      | Killed Edmund
  4606 | D:6      | Reached skill level 8 in Necromancy
  4695 | D:6      | Reached skill level 1 in Conjurations
  4792 | D:6      | Killed from afar by an electric eel

Illustrated notes

Levels and vault maps discovered:
D:1:      sevenhm_arrival_forest_fort_small_3, layout_loops_cross, st_stairs_9
D:2:      layout_basic
D:3:      layout_rooms, xom_teletrap_fun, portal_sewer_entry_d,
          chequers_ecumenical_altar_simple_redux
D:4:      layout_basic, mainiacjoe_overflow_surrounded_room,
          nicolae_dithmenos_shadow_blocks, roderic_lattice_a, minivault_1,
          uniq_menkaure
D:5:      layout_rooms, kennysheep_little_box,
          mainiacjoe_overflow_small_starburst
D:6:      cheibrodos_two_vegetables, layout_basic, mainiacjoe_overflow_24_doors,
          minmay_temple_entry_enclosed_plants, grunt_ministairs_3,
          hangedman_abyss_or_decor_stagger, uniq_maggie, uniq_edmund,
          uniq_crazy_yiuf_cottage, uniq_sigmund

Skill      XL: |  1  2  3  4  5  6  7  8 |
---------------+-------------------------+-----
Necromancy     | 5 6 7 8 |  8.5
Spellcasting   | 3 4 5 |  5.8
Fighting       | 1 |  1.5
Armour         | 1 2 |  2.2
Dodging        | 2 |  2.2
Stealth        | 2 3 |  3.2
Short Blades   | 1 2 |  2.7
Conjurations   | 1 |  1.0
Unarmed Combat | |  0.4

Action                     |  1- 3 |  4- 6 |  7- 9 || total
---------------------------+-------+-------+-------++-------
  Melee: Unarmed           |    60 |       |       ||    60
         Short sword       |    19 |       |       ||    19
         Dagger            |       |    55 |    54 ||   109
         Punch             |       |     1 |     1 ||     2
   Cast: Necrotise         |    67 |    91 |    29 ||   187
         Vampiric Draining |       |     3 |       ||     3
         Searing Ray       |       |     1 |     6 ||     7
         Magic Dart        |       |       |     2 ||     2
    Use: Potion            |       |     3 |       ||     3
         Scroll            |       |    11 |     1 ||    12
   Stab: Sleeping          |     3 |     2 |       ||     5
 Armour: Robe              |    24 |       |       ||    24
         Leather armour    |       |    21 |     6 ||    27
         Ring mail         |       |       |    27 ||    27
  Dodge: Dodged            |    73 |    62 |    48 ||   183

Table legend: (Time is in decaauts)
 A = Elapsed time spent in this place.
 B = Non-inter-level travel time spent in this place.
 C = Inter-level travel time spent in this place.
 D = Time resting spent in this place.
 E = Time spent auto-exploring this place.
 F = Levels seen in this place.
 G = Mean time per level.
                   A        B        C        D        E       F      G
               +--------+--------+--------+--------+--------+-----+--------+
         Total |   4921 |   4921 |      0 |    289 |    196 |   7 |  703.0 |
       Dungeon |   4118 |   4118 |      0 |    193 |    196 |   6 |  686.3 |
         Sewer |    803 |    803 |      0 |     96 |      0 |   1 |  803.0 |
               +--------+--------+--------+--------+--------+-----+--------+

Top non-repeatable levels by time:
     D:1: 939 daAuts
   Sewer: 803 daAuts
     D:4: 750 daAuts
     D:3: 742 daAuts
     D:2: 691 daAuts
     D:5: 542 daAuts
     D:6: 451 daAuts
